 Dungeon Crawl Stone Soup version 0.19-a0-1682-g5114f93 (webtiles) character file.

27 Amnesiac the Sneak (level 2, -1/19 HPs)
             Began as a Mummy Enchanter on Sept 25, 2016.
             Slain by a worker ant (2 damage)
             ... on level 4 of the Dungeon.
             The game lasted 00:02:01 (898 turns).

Amnesiac the Sneak (Mummy Enchanter)                 Turns: 898, Time: 00:02:01

Health: -1/19      AC:  6    Str: 11    XL:     2   Next: 93%
Magic:  0/5        EV: 12    Int: 14    God:
Gold:   53         SH:  0    Dex: 12    Spells: 2 memorised, 2 levels left

rFire  x . .     SeeInvis .     a - +1 dagger
rCold  + . .     Gourm    .     b - +1 robe
rNeg   + + +     Faith    .     (no shield)
rPois  ∞         Spirit   .     k - +0 helmet (curse)
rElec  .         Dismiss  .     (no cloak)
rCorr  .         Reflect  .     (no gloves)
MR     .....     Harm     .     (no boots)
Stlth  ++........               (no amulet)
                                (no ring)
                                d - +1 ring of protection

@: no status effects
A: no food or potions, fire vulnerability, cold resistance 1, negative energy
resistance 3, torment resistance, unbreathing
a: no special abilities


You were on level 4 of the Dungeon.
You were not hungry.

You visited 1 branch of the dungeon, and saw 4 of its levels.

You collected 53 gold pieces.

Inventory:

Hand Weapons
 a - a +1 dagger (weapon)
Armour
 b - a +1 robe (worn)
 k - a cursed +0 helmet (worn)
Jewellery
 d - a +1 ring of protection (left hand)
Scrolls
 e - 3 scrolls of magic mapping {unknown}
 f - a scroll of identify {unknown}
 g - a scroll of fog {unknown}
 h - a scroll of remove curse {unknown}
 i - a scroll of teleportation {unknown}
 j - a scroll of fear {unknown}
Books
 c - a book of Maledictions

   Spells                             Type                      Level
   a - Corona                         Hexes                        1
   b - Ensorcelled Hibernation        Hexes/Ice                    2
   c - Confuse                        Hexes                        3
   d - Tukima's Dance                 Hexes                        3
   e - Dazzling Spray                 Conjuration/Hexes            3


   Skills:
 - Level 1.0 Short Blades
 - Level 1.5 Dodging
 + Level 3.2 Stealth
 - Level 2.0 Spellcasting
 - Level 3.0 Hexes


You had 2 spell levels left.
You knew the following spells:

 Your Spells              Type           Power        Failure   Level  Hunger
a - Corona                Hex            #......      10%         1    N/A
f - Ensorcelled Hibernat  Hex/Ice        #.....       21%         2    N/A

Dungeon Overview and Level Annotations

Branches:
Dungeon (4/15)
 Temple: D:4-7

Altars:
Ashenzari
Xom

Annotations:
D:3 Natasha


Innate Abilities, Weirdness & Mutations

You do not eat or drink.
Your flesh is vulnerable to fire.
You are immune to poison.
Your flesh is cold resistant. (rC+)
You are immune to negative energy. (rN+++)
You are immune to unholy pain and torment.
You can survive without breathing.


Message History

Aiming: Ensorcelled Hibernation
Press: ? - help, Shift-Dir - straight line, f/p - worker ant
Aim: a worker ant (chance to defeat MR: 46%)
The worker ant resists with some effort.
The worker ant bites you. The worker ant bites you!
You see here an orc corpse.
The worker ant bites you.
* * * LOW HITPOINT WARNING * * *
Casting: Ensorcelled Hibernation
Confirm with . or Enter, or press ? or * to list all spells.
Aiming: Ensorcelled Hibernation
Press: ? - help, Shift-Dir - straight line, f/p - worker ant
Aim: a worker ant (chance to defeat MR: 46%)
The worker ant resists with some effort.
The worker ant barely misses you. The worker ant bites you.
* * * LOW HITPOINT WARNING * * *
The worker ant bites you.
You die...

.... ...(... ..##.....
......... ........
........# ......#
#......# ###.....#
#.....###.......#
##.........#....#
##........# #....#
..........###.##@#
.........†....##a#
.......###....##.#
.......# ####.##.#
#####..# #..#.## #....#
##....# #.
#......#####...######..
.....#........>.##......
##...##..####.....#......


You could see a worker ant.

Vanquished Creatures
  An adder (D:3)
  A leopard gecko (D:3)
  An orc (D:4)
  A giant cockroach (D:4)
  A hobgoblin (D:1)
  2 kobolds (D:1)
  A quokka (D:3)
  2 bats (D:1)
  2 frilled lizards
  4 rats
16 creatures vanquished.

Notes
Turn   | Place    | Note
-------+----------+-------------------------------------------
     0 | D:1      | Amnesiac the Mummy Enchanter began the quest for the Orb.
     0 | D:1      | Reached XP level 1. HP: 13/13 MP: 3/3
   261 | D:1      | Reached skill level 1 in Short Blades
   553 | D:1      | Reached XP level 2. HP: 19/19 MP: 1/5
   572 | D:1      | Learned a level 2 spell: Ensorcelled Hibernation
   684 | D:3      | Found a shimmering altar of Xom.
   771 | D:3      | Noticed Natasha
   780 | D:3      | Found a shimmering altar of Xom.
   782 | D:3      | Found a shimmering altar of Xom.
   782 | D:3      | Found a shimmering altar of Xom.
   783 | D:3      | Found a shimmering altar of Xom.
   825 | D:4      | Found a shattered altar of Ashenzari.
   898 | D:4      | Slain by a worker ant

Vault maps used:
D:1:      kilobyte_arrival_exit_the_forest
D:2:      first_bread, item_on_display_a
D:3:      grunt_decor_cap, xom_redecorated, uniq_natasha
D:4:      ashenzari_altar_1, kennysheep_mini, kennysheep_okawaru_gauntlet,
          trog_butcher_becter, uniq_duvessa

Skill      XL: |  1  2 |
---------------+-------+-----
Hexes          | 3 |  3.0
Short Blades   | 1 |  1.0
Stealth        | 3 |  3.2
Dodging        | |  1.5
Spellcasting   | |  2.0

Action                   || total
-------------------------++-------
Melee: Dagger            ||    42
 Cast: Corona            ||    10
       Ensorcelled Hiber ||     9
 Stab: Sleeping          ||     6
Armor: Robe              ||    15
Dodge: Dodged            ||    32
